 Dungeon Crawl Stone Soup version 0.17.1-2-g5865329 (webtiles) character file.

1754 Lonerover the Basher (level 9, -14/97 HPs)
             Began as an Ogre Berserker on Feb 1, 2016.
             Was a Priest of Trog.
             Engulfed by a cloud of flame (16 damage)
             ... on level 6 of the Dungeon.
             The game lasted 00:22:38 (5698 turns).

Lonerover the Basher (Ogre Berserker)               Turns: 5698, Time: 00:22:38

Health: -14/97     AC:  4    Str: 31    XL:     9   Next: 6%
Magic:  9/9        EV: 12    Int:  6    God:    Trog [***...]
Gold:   193        SH:  0    Dex: 10    Spells: 0 memorised, 8 levels left

rFire  . . .     SeeInvis .     y - +0 giant club
rCold  . . .     Clarity  .     b - +1 animal skin
rNeg   . . .     SustAt   .     (shield currently unavailable)
rPois  .         Gourm    .     (helmet restricted)
rElec  .         Spirit   .     (no cloak)
rCorr  .         Warding  .     (gloves unavailable)
rMut   .         Stasis   .     (boots unavailable)
MR     .....                    o - amulet of regeneration
Stlth  +.........               w - +3 ring of strength
                                u - +2 ring of strength

@: confused, not resistant to hostile enchantments, very unstealthy
A: unfitting armour, tough skin 1
a: Berserk, Trog's Hand, Burn Spellbooks, Renounce Religion


You were on level 6 of the Dungeon.
You worshipped Trog.
Trog was most pleased with you.
You were not hungry.

You visited 1 branch of the dungeon, and saw 6 of its levels.

You collected 193 gold pieces.

Inventory:

Hand Weapons
 a - a +0 mace
 v - a +0 flail
 y - a +0 giant club (weapon)
Armour
 b - a +1 animal skin (worn)
Jewellery
 o - an amulet of regeneration (around neck)
 u - a +2 ring of strength (left hand)
 w - a +3 ring of strength (right hand)
Wands
 e - a wand of random effects (30)
 D - a wand of flame (22)
 E - a wand of cold (6)
 G - a wand of confusion (26)
Scrolls
 c - 3 scrolls of teleportation
 f - 2 scrolls of enchant weapon {unknown}
 g - a scroll of fear
 h - a scroll of amnesia
 i - 8 scrolls of identify
 j - a scroll of magic mapping
 l - 6 scrolls of remove curse
 q - a scroll of immolation
Potions
 d - a potion of haste
 n - 3 potions of brilliance
 r - 2 potions of curing
 t - a potion of heal wounds
 C - a potion of cancellation
Comestibles
 m - 2 royal jellies
 x - a beef jerky
 z - 3 bread rations
 B - a meat ration
 H - 2 fruits


   Skills:
 + Level 8.7 Fighting
 + Level 9.0 Maces & Flails
 + Level 6.7 Dodging
 + Level 2.6 Stealth


You had 8 spell levels left.
You didn't know any spells.

Dungeon Overview and Level Annotations

Branches:
Dungeon (6/15)             Temple (0/1) D:4

Altars:
Gozag
Trog
Vehumet
Xom
The Shining One


Innate Abilities, Weirdness & Mutations

You are too large for most types of armour.
You have tough skin (AC +1).


Message History

Really walk into a travel-excluded area?
Found a scroll of magic mapping.
You see here a whip.
Really walk into a travel-excluded area?
Really walk into that cloud of flame? [Y]es or [N]o only, please.
Really walk into that cloud of flame?
Okay, then.
You are engulfed in roaring flames.
You are engulfed in roaring flames.
You see here a potion of curing.
r - 2 potions of curing (gained 1)
You are engulfed in roaring flames.
You are engulfed in roaring flames.
* * * LOW HITPOINT WARNING * * *
You are engulfed in roaring flames.
* * * LOW HITPOINT WARNING * * *
You are confused.
You feel invigorated.
You are engulfed in roaring flames.
You die...

##############
#.....§§§§...#
#..####@####.# #))# #§#
#.# #..# ##§# #.#
#..#########§#
#..[§§#8#§§§§##
#..#########..#### #..#
##§## #.§...## # #..#
#§# #......######
#..####§####.###...<....


There were no monsters in sight!

Vanquished Creatures
  The ghost of SaintRoka the Sneak, an amateur NaWn of Okawaru (D:4)
  3 centaurs
  An ice beast (D:6)
  A sky beast (D:5)
  2 phantoms (D:5)
  2 ogres (D:4)
  2 giant frogs
  3 killer bees (D:5)
  A crimson imp (D:6)
  An orc priest (D:3)
  2 orc wizards (D:3)
  A jelly (D:6)
  2 centaur skeletons (D:4)
  Natasha (thrice) (D:2)
  2 iguanas (D:6)
  2 worker ants (D:6)
  5 adders
  3 oozes
  An adder zombie (D:6)
  3 worms
  4 giant geckos
  14 orcs
  9 goblins
  7 hobgoblins
  6 jackals (D:6)
  2 quokkas
  3 ball pythons
  10 bats
  7 giant cockroaches
  A giant cockroach zombie (D:6)
  3 giant newts
  A jackal skeleton (D:4)
  7 kobolds
  5 rats
120 creatures vanquished.

Vanquished Creatures (others)
  An orc warrior (D:6)
  A worker ant (D:6)
  2 orcs (D:6)
4 creatures vanquished.

Grand Total: 124 creatures vanquished

Notes
Turn   | Place    | Note
--------------------------------------------------------------
     0 | D:1      | Lonerover the Ogre Berserker began the quest for the Orb.
     0 | D:1      | Reached XP level 1. HP: 24/24 MP: 1/1
   425 | D:1      | Reached XP level 2. HP: 25/32 MP: 2/2
   922 | D:2      | Noticed Natasha
   931 | D:2      | Killed Natasha
   931 | D:2      | Reached XP level 3. HP: 24/41 MP: 3/3
   969 | D:2      | Reached XP level 4. HP: 17/49 MP: 4/4
  1177 | D:2      | Reached skill level 5 in Fighting
  1360 | D:2      | Noticed Natasha
  1373 | D:2      | Killed Natasha
  1373 | D:2      | Reached ** piety under Trog
  1383 | D:2      | Found a radiant altar of Vehumet.
  1762 | D:2      | Noticed Natasha
  1769 | D:2      | Killed Natasha
  1917 | D:2      | Found an opulent altar of Gozag.
  1917 | D:2      | Found a glowing golden altar of the Shining One.
  1984 | D:2      | Reached skill level 5 in Maces & Flails
  2343 | D:3      | Reached XP level 5. HP: 57/57 MP: 5/5
  2679 | D:3      | Reached XP level 6. HP: 42/67 MP: 6/6
  2695 | D:3      | Reached skill level 6 in Fighting
  2700 | D:3      | Reached *** piety under Trog
  2970 | D:4      | Reached skill level 1 in Stealth
  3007 | D:4      | Found a bloodstained altar of Trog.
  3008 | D:4      | Noticed SaintRoka's ghost (amateur NaWn)
  3018 | D:4      | Killed SaintRoka's ghost
  3018 | D:4      | Reached skill level 5 in Dodging
  3018 | D:4      | Reached XP level 7. HP: 76/76 MP: 7/7
  3179 | D:4      | Reached skill level 7 in Fighting
  3383 | D:4      | Found a staircase to the Ecumenical Temple.
  3570 | D:4      | You fall through a shaft!
  3570 | D:5      | Entered Level 5 of the Dungeon
  3594 | D:5      | Reached XP level 8. HP: 25/87 MP: 8/8
  4704 | D:5      | Reached skill level 8 in Fighting
  4818 | D:5      | You fall through a shaft!
  5220 | D:6      | Found a shimmering altar of Xom.
  5461 | D:6      | Reached XP level 9. HP: 97/97 MP: 9/9
  5660 | D:6      | Reached skill level 9 in Maces & Flails
  5697 | D:6      | HP: 2/97 [something (22)]
  5698 | D:6      | Engulfed by a cloud of flame

Action                   |  1- 3 |  4- 6 |  7- 9 || total
-------------------------+-------+-------+-------++-------
Melee: Mace              |    67 |    90 |       ||   157
       Flail             |       |    89 |    18 ||   107
       Giant club        |       |       |   123 ||   123
Invok: Berserk           |       |     3 |     1 ||     4
       Trog's Hand       |       |     1 |     1 ||     2
  Use: Potion            |       |       |     9 ||     9
       Scroll            |       |       |     8 ||     8
 Stab: Sleeping          |       |     2 |     4 ||     6
  Eat: Chunk             |       |     6 |       ||     6
       Meat ration       |       |     1 |     2 ||     3
       Bread ration      |       |     1 |       ||     1
